Map: Scythe of Amon

Players

MonstroTown

  • Race: Zerg Zerg

Michael

  • Race: Protoss Protoss
  • League: Platinum
  • Spawn Location: 5:00

VOD

Have the link to the VOD?

Description

Time

  • Played on: Oct. 13, 2018, 4:32 p.m.
  • Length: 23:13
Show
View Real Time Build Order
Export as new Build Order

MonstroTown Zerg 

Build Orders:  

Get SALT Encoding   

  12  0:03  Infested SCV  
  13  0:18  Infested SCV  
  13  0:19  Infested SCV  
  15  0:31  Overlord  
  15  1:03  Infested SCV, Infested Refinery  
  15  1:04  Infested Refinery  
  15  1:06  Infested SCV  
  17  1:24  Infested SCV  
  18  1:31  Infested Barracks  
  18  1:34  Infested SCV  
  18  1:38  Infested SCV  
  20  2:05  Infested SCV  
  21  2:18  Infested SCV  
  22  2:48  Infested Marine  
  23  2:51  Infested Factory  
  23  2:55  Overlord x2  
  23  3:18  Infested Marine  
  23  3:21  Overlord x2  
  23  3:31  Infestation Level 1  
  23  3:42  Infested SCV  
  23  3:45  Infested SCV  
  24  4:04  Infested Bunker  
  28  4:14  Infested Marine  
  28  4:15  Infested Marine x4  
  28  4:16  Infested Marine  
  34  4:22  Infested SCV  
  34  4:26  Infested SCV  
  31  5:04  Infested Diamondback  
  31  5:05  Infested Diamondback  
  36  5:21  Infested Barracks  
  36  5:53  Infested Marine  
  36  5:54  Infested Marine x2  
  39  6:27  Infested Colonist Compound  
  39  6:33  Overlord x5  
  39  6:54  Anaerobic Enhancement  
  36  7:53  Infested Marine x2  
  36  7:54  Infested Marine x5  
  36  7:55  Infested Marine x5  
  36  7:56  Infested Marine x4  
  36  7:57  Infested Marine x4  
  36  7:58  Infested Diamondback x3  
  60  8:50  Infested Marine x2  
  60  8:51  Infested Marine x5  
  60  8:52  Infested Marine x4  
  60  8:53  Infested Marine x4  
  60  8:54  Infested Marine x4  
  64  9:43  Infested Marine x4  
  64  9:44  Infested Marine x5  
  64  9:45  Infested Marine x4  
  64  9:46  Infested Marine x2  
  79  9:52  Infested Command Center  
  73  10:31  Infested Marine  
  73  10:32  Infested Marine x7  
  73  10:33  Infested Marine x9  
  73  10:34  Infested Marine x3  
  61  10:58  Infested Marine x4  
  61  10:59  Infested Marine x4  
  69  11:04  Infested SCV x5  
  54  11:30  Infested Factory Tech Lab  
  54  11:33  Infested Barracks Tech Lab  
  54  11:43  Infested Starport  
  54  11:47  Overlord x3  
  54  11:49  Infested SCV  
  49  12:06  Automated Mitosis  
  47  12:11  Retinal Augmentation  
  47  12:24  Infested Marine x3  
  47  12:25  Infested Marine x5  
  47  12:26  Infested Marine x5  
  47  12:27  Infested Marine x3  
  47  12:29  Infested Marine x2  
  55  13:22  Infested Engineering Bay  
  47  13:30  Infested Siege Tank  
  47  13:31  Infested Siege Tank x3  
  59  13:56  Infested Siege Tank x2  
  59  13:58  Infested Marine  
  59  13:59  Infested Marine x4  
  70  14:00  Infested Marine x2  
  70  14:02  Infested Marine  
  70  14:08  Stukov Infantry Weapons Level 1  
  73  14:24  Infested Marine x2  
  73  14:25  Infested Marine x3  
  73  14:26  Infested Marine x5  
  73  14:27  Infested Marine x3  
  86  14:31  Infested SCV  
  84  15:02  Infested Marine x2  
  84  15:03  Infested Marine x4  
  84  15:04  Infested Marine x5  
  84  15:05  Infested Marine x5  
  84  15:06  Infested Marine x2  
  92  15:27  Infested Marine x5  
  92  15:28  Infested Marine x3  
  95  15:30  Infested Siege Tank  
  78  16:11  Infested Marine x2  
  78  16:12  Infested Marine x5  
  78  16:13  Infested Marine x5  
  78  16:14  Infested Marine x5  
  78  16:15  Infested Marine x2  
  97  16:29  Infested Marine x3  
  98  16:30  Infested Marine x4  
  98  16:34  Infested Marine x2  
  98  16:36  Infested Siege Tank x3  
  98  16:39  Infested SCV  
  104  17:12  Infested Marine x2  
  104  17:13  Infested Marine x5  
  104  17:14  Infested Marine x5  
  104  17:15  Infested Marine x3  
  104  17:16  Infested Marine  
  104  17:18  Stukov Infantry Weapons Level 2  
  101  17:30  Infested Marine x2  
  101  17:31  Infested Marine x4  
  101  17:33  Infested Siege Tank  
  109  17:50  Infested Marine x3  
  109  17:51  Infested Marine x5  
  98  18:11  Infested Marine x4  
  98  18:12  Infested Marine x4  
  98  18:14  Infested Marine  
  100  18:21  Infested Marine x3  
  100  18:25  Infested Siege Tank x2  
  109  18:32  Infested SCV, Infested Refinery  
  109  18:33  Infested SCV, Infested Refinery  
  80  19:29  Infested Marine x2  
  79  19:30  Infested Marine x5  
  79  19:31  Infested Marine x4  
  79  19:32  Infested Marine x5  
  79  19:33  Infested Marine x3  
  79  19:34  Infested Marine  
  78  19:50  Infested Marine x3  
  78  19:52  Infested Marine  
  78  19:58  Infested Marine  
  55  20:12  Infested Marine x3  
  55  20:23  Infested Marine x2  
  55  20:28  Infested Marine  
  48  20:44  Infested Marine x2  
  48  21:11  Infested Barracks  
  48  21:13  Infested Barracks  
  48  21:16  Infested Barracks  
  43  22:10  Infested Barracks  
  43  22:11  Infested SCV  
  43  22:26  Infested Marine x4  
  43  22:27  Infested Marine x3  
  43  22:28  Infested Marine  
  43  22:29  Infested Marine  
  48  22:30  Infested Marine x5  
  48  22:31  Infested Marine x6  
  48  22:32  Infested Marine x3  
  48  22:34  Infested Marine  
  48  22:35  Infested Marine  
  48  22:36  Infested Marine x2  
  48  22:38  Infested Marine  
  59  22:56  Infested Marine x2  
  59  22:57  Infested Marine x5  
  59  22:58  Infested Marine x5  
  59  22:59  Infested Marine x4  
  72  23:00  Infested Marine  
Show
View Real Time Build Order
Export as new Build Order

Michael Protoss 

Build Orders:  

Get SALT Encoding   

  12  0:03  Probe (Chrono Boost)  
  13  0:17  Probe (Chrono Boost)  
  14  0:33  Pylon  
  14  0:44  Probe (Chrono Boost)  
  15  1:05  Gateway  
  15  1:11  Probe (Chrono Boost), Pylon  
  16  1:25  Probe (Chrono Boost)  
  16  1:26  Gateway  
  17  1:39  Probe (Chrono Boost)  
  17  1:47  Assimilator  
  18  1:53  Probe (Chrono Boost)  
  19  2:07  Probe (Chrono Boost)  
  20  2:16  Cybernetics Core  
  20  2:21  Probe (Chrono Boost)  
  20  2:29  Zealot  
  23  2:32  Zealot  
  25  2:47  Probe (Chrono Boost)  
  24  3:01  Probe (Chrono Boost)  
  23  3:10  Gateway x2  
  23  3:15  Probe (Chrono Boost)  
  24  3:22  Forge  
  24  3:27  Zealot  
  26  3:32  Probe (Chrono Boost)  
  27  3:45  Pylon  
  27  3:46  Probe (Chrono Boost)  
  28  3:53  Zealot  
  30  4:04  Pylon  
  30  4:17  Zealot  
  32  4:20  Dragoon  
  32  4:28  Zealot  
  36  4:56  Zealot  
  36  4:57  Dragoon x2  
  42  5:24  Zealot x2  
  45  5:37  Zealot x2  
  47  6:15  Dragoon  
  47  6:20  Protoss Shields Level 1  
  45  6:31  Probe (Chrono Boost)  
  46  6:45  Probe (Chrono Boost)  
  46  6:49  Pylon  
  47  6:50  Pylon  
  47  6:52  Pylon  
  47  6:53  Pylon  
  47  6:56  Gateway  
  47  6:58  Gateway  
  47  7:11  Pylon  
  41  7:34  Zealot  
  41  7:35  Zealot x2  
  41  7:37  Zealot  
  45  8:06  Dragoon  
  45  8:07  Dragoon x2  
  45  8:33  Dragoon  
  45  8:34  Dragoon  
  45  8:37  Zealot  
  49  8:57  Pylon  
  45  9:00  Dragoon  
  45  9:03  Zealot  
  33  9:30  Zealot x3  
  35  9:49  Photon Cannon  
  35  10:18  Nexus  
  35  10:24  Probe (Chrono Boost)  
  36  10:35  Zealot  
  36  10:37  Probe (Chrono Boost)  
  39  10:51  Probe (Chrono Boost)  
  39  10:52  Dragoon  
  39  10:54  Zealot  
  44  11:05  Probe (Chrono Boost)  
  45  11:19  Probe (Chrono Boost)  
  45  11:27  Zealot  
  48  11:33  Probe (Chrono Boost)  
  49  11:44  Pylon  
  49  11:47  Probe (Chrono Boost)  
  50  11:57  Probe (Chrono Boost)  
  51  12:01  Probe (Chrono Boost)  
  52  12:10  Zealot  
  52  12:11  Probe (Chrono Boost)  
  52  12:15  Probe (Chrono Boost)  
  56  12:25  Probe (Chrono Boost)  
  56  12:28  Probe (Chrono Boost)  
  52  12:38  Dragoon x2  
  52  12:39  Dragoon, Probe (Chrono Boost)  
  51  12:42  Probe (Chrono Boost)  
  51  12:43  Zealot  
  54  12:53  Pylon  
  54  12:58  Probe x2 (Chrono Boost)  
  56  13:09  Zealot  
  58  13:11  Zealot  
  58  13:12  Probe x2 (Chrono Boost)  
  58  13:15  Zealot  
  64  13:25  Probe (Chrono Boost)  
  64  13:27  Zealot x2  
  69  13:30  Zealot  
  71  13:48  Zealot  
  71  13:49  Zealot, Dragoon  
  63  14:09  Zealot x3  
  61  14:20  Gateway x2  
  61  14:24  Gateway  
  61  14:41  Dragoon  
  61  14:42  Dragoon  
  61  14:43  Dragoon x2  
  61  14:45  Zealot  
  71  14:55  Zealot  
  55  15:32  Zealot x2  
  55  15:33  Zealot x4  
  55  15:34  Zealot x2  
  55  15:35  Zealot  
  65  16:07  Photon Cannon  
  65  16:11  Twilight Council  
  65  16:16  Protoss Ground Weapons Level 1  
  65  16:20  Zealot  
  65  16:21  Zealot x3  
  65  16:22  Zealot  
  65  16:23  Zealot  
  65  16:24  Dragoon  
  65  16:27  Dragoon  
  65  17:03  Dragoon  
  65  17:04  Dragoon  
  65  17:06  Zealot  
  65  17:07  Zealot x4  
  65  17:08  Zealot  
  65  17:09  Zealot  
  69  17:16  Charge  
  67  17:32  Assimilator  
  67  17:38  Zealot  
  67  17:39  Zealot x3  
  75  17:41  Zealot  
  75  17:44  Zealot  
  77  18:08  Zealot  
  71  18:26  Zealot  
  71  18:29  Zealot x3  
  77  18:30  Zealot  
  77  18:31  Zealot x3  
  77  18:32  Pylon  
  83  18:44  Zealot  
  71  19:11  Dragoon  
  71  19:12  Dragoon x3  
  71  19:13  Dragoon x2  
  71  19:14  Dragoon  
  75  19:37  Zealot x2  
  65  19:45  Gateway  
  65  19:46  Gateway  
  61  20:15  Zealot  
  61  20:16  Zealot x3  
  65  20:20  Zealot  
  65  20:21  Zealot x2  
  65  20:22  Zealot x2  
  69  21:07  Dragoon  
  69  21:09  Dragoon  
  55  21:12  Dragoon  
  55  21:13  Dragoon x4  
  55  21:14  Dragoon x2  
  55  21:19  Zealot  
  65  21:45  Dragoon x3  
  65  21:47  Zealot x3  
  59  22:12  Dragoon x2  
  59  22:14  Zealot x2  
  59  22:15  Zealot  
  59  22:16  Zealot  
  61  22:39  Dragoon x2  
  57  22:53  Pylon  
Tags
 
Add a new tag
Caveats
  • Supply blocks, unpowered buildings, or Contaminate may cause inaccurate times.
  • Supply counts are checked every 10 seconds.